 Dungeon Crawl Stone Soup version 0.32-a0-859-gb0a091d592 (webtiles) character file.

Game seed: 16747251413581400438

4925 lunkers the Cleaver (level 10, -1/114 HPs)
             Began as a Coglin Berserker on Mar 27, 2024.
             Was an Elder of Trog.
             Slain by a sky beast (5 damage)
             ... on level 8 of the Dungeon.
             The game lasted 00:12:07 (7011 turns).

lunkers the Cleaver (Coglin Berserker)              Turns: 7011, Time: 00:12:07

Health: -1/114     AC:  9    Str: 22    XL:     10   Next: 52%
Magic:  10/10      EV:  9    Int:  6    God:    Trog [****..]
Gold:   398        SH:  0    Dex: 14    Spells: 9/9 levels left

rFire   + . .        x - +3 whip (elec) {Kannika}
rCold   . . .        q - +1 whip (elec) {Udom}
rNeg    . . .        v - +0 scale mail {rF+}
rPois   .            d - +1 helmet
rElec   .            (no cloak)
rCorr   .            l - +0 pair of gloves
SInv    .            (no boots)
Will    .....        (amulet unavailable) Stlth
                     (ring unavailable)
HPRegen 0.39/turn    (ring unavailable)
MPRegen 0.12/turn    (no gizmo)

%: no passive effects
@: berserking (expiring), revved, very quick
A: off-hand wielding, slow wielding, warmup strikes, no jewellery
a: Invent Gizmo, Renounce Religion, Berserk, Trog's Hand, Brothers in Arms


You were on level 8 of the Dungeon.
You worshipped Trog.
Trog was greatly pleased with you.
You visited 1 branch of the dungeon, and saw 8 of its levels.

You collected 398 gold pieces.

Inventory:

Hand Weapons
 a - a +0 hand axe {Wystan}
 e - a +0 hand axe {Eunwoo}
 q - a +1 whip of electrocution (offhand) {Udom}
 x - a +3 whip of electrocution (weapon) {Kannika}
Missiles
 y - 5 throwing nets
Armour
 d - a +1 helmet (worn)
 l - a +0 pair of gloves (worn)
 v - a +0 scale mail of fire resistance (worn)
Wands
 j - a wand of mindburst (9)
 n - a wand of flame (17)
 r - a wand of warping (13)
Scrolls
 c - 2 scrolls of teleportation
 i - a scroll of noise
 o - 2 scrolls of enchant armour
 t - a scroll of amnesia {unknown}
Potions
 b - a potion of haste {unknown}
 f - a potion of heal wounds {unknown}
 g - 3 potions of lignification {unknown}
 h - 3 potions of attraction
 k - a potion of degeneration {unknown}
 m - a potion of magic {unknown}
 p - 2 potions of brilliance {unknown}
 s - 3 potions of curing {unknown}
 u - a potion of enlightenment {unknown}
 w - 2 potions of cancellation {unknown}


   Skills:
 + Level 6.3 Fighting
 - Level 13.2 Axes
 - Level 1.7 Armour
 - Level 1.7 Dodging
 + Level 7.1 Evocations


You had 9 spell levels left.
You didn't know any spells.
Your spell library was empty.

Dungeon Overview and Level Annotations

Branches:
Dungeon (8/15)             Temple (0/1) D:7
   Lair: D:8-11

Altars:
Ashenzari
Elyvilon
Fedhas
Ru
Xom

Shops:
D:1 ![   D:5 =   D:6 [


Innate Abilities, Weirdness & Mutations

You can wield a second weapon in your off-hand.
It takes a long time for you to wield or remove held weapons.
Your first few attacks do less damage.
You cannot equip rings or amulets.


Message History

The yak is lightly wounded.
You hit the yak with your +1 whip of electrocution.
Lightning courses through the yak!
You barely miss the yak with your +1 whip of electrocution.
The yak is severely wounded.
You whack the yak with your +3 whip of electrocution!
Lightning courses through the yak!!
You kill the yak!
Trog accepts your kill. The yak gores you!
* * * LOW HITPOINT WARNING * * *
You whack the yak with your +1 whip of electrocution!
The yak is lightly wounded.
You hit the yak with your +3 whip of electrocution.
You whack the yak with your +3 whip of electrocution!
Lightning courses through the yak!
The yak is almost dead.
You whack the yak with your +1 whip of electrocution!
You kill the yak!
Trog accepts your kill.
Your Evocations skill increases to level 7!
You feel a strong urge to attack something.
The yak gores you!
* * * LOW HITPOINT WARNING * * *
Something hits you but does no damage.
Things that are here:
a yak corpse; a yak corpse You barely miss the yak with your +1 whip of electrocution.
You whack the yak with your +3 whip of electrocution!
You hit the yak with your +1 whip of electrocution.
The yak is moderately wounded.
You whack the yak with your +3 whip of electrocution!
Lightning courses through the yak!!
You feel the power of Trog in you as your rage grows.
You kill the yak!
Trog accepts your kill. Something hits you.
* * * LOW HITPOINT WARNING * * *
Something shocks you.
You die...

###......# ....####.#
.##.####.#####
.##.##.......#
.......#.###.###
.##......##....###
....#...##....#..#
.####...##.....#.#
.#.........###.#@# .
...._..........{.#####.{o#
...........##..#....Y....#
#.......#............Y...#
#.......#......#.........#
#......:#..#####.#####...#
###..............# ...
#######.######## .# #.# #


There were no monsters in sight!

Vanquished Creatures
  Pikel (D:4)
  Jeremiah (D:7)
  Grinder (D:4)
  A wyvern (D:8)
  6 yaks (D:8)
  A steam dragon (D:6)
  Edmund (D:4)
  A water moccasin (D:8)
  Duvessa (D:4)
  2 ice beasts (D:6)
  4 ogres
  A sky beast (D:6)
  A black bear (D:7)
  A wolf (D:6)
  A lemure (D:4)
  A kobold brigand (D:8)
  2 phantoms (D:5)
  2 bullfrogs
  3 gnoll sergeants (D:6)
  A scorpion (D:6)
  Dowan (D:4)
  4 killer bees (D:7)
  A howler monkey (D:4)
  2 bombardier beetles (D:4)
  An orc priest (D:6)
  6 hounds
  3 gnoll boudas (D:6)
  3 iguanas
  Ijyb (D:4)
  4 orc wizards
  Robin (D:4)
  7 adders
  21 gnolls (D:6)
  2 shadow imps
  3 white imps
  4 ufetubi
  2 dart slugs
  2 ribbon worms
  15 orcs
  5 bats
  10 endoplasms
  3 giant cockroaches
  11 hobgoblins
  10 jackals
  3 quokkas
  7 ball pythons
  6 frilled lizards
  13 goblins
  8 kobolds
  5 rats
197 creatures vanquished.

Notes
Turn   | Place    | Note
-------+----------+-------------------------------------------
     0 | D:1      | lunkers the Coglin Berserker began the quest for the Orb.
     0 | D:1      | Reached XP level 1. HP: 18/18 MP: 1/1
   102 | D:1      | Reached XP level 2. HP: 20/24 MP: 2/2
   193 | D:1      | Found Sief Kia's Distillery.
   298 | D:1      | Reached skill level 4 in Axes
   335 | D:1      | Found Imunug's Armour Emporium.
   348 | D:1      | Reached XP level 3. HP: 29/29 MP: 3/3
   602 | D:1      | Reached ** piety under Trog
   826 | D:2      | Reached XP level 4. HP: 29/35 MP: 4/4
  1356 | D:2      | Reached skill level 5 in Axes
  1994 | D:3      | Reached XP level 5. HP: 19/41 MP: 5/5
  2449 | D:4      | Noticed Edmund
  2454 | D:4      | Reached skill level 6 in Axes
  2463 | D:4      | Reached XP level 6. HP: 41/47 MP: 6/6
  2467 | D:4      | Killed Edmund
  2468 | D:4      | Reached skill level 7 in Axes
  2559 | D:4      | Reached *** piety under Trog
  2590 | D:4      | Noticed Robin
  2591 | D:4      | Noticed Grinder
  2595 | D:4      | Paralysed by Grinder for 4 turns
  2600 | D:4      | Killed Robin
  2604 | D:4      | Killed Grinder
  2605 | D:4      | Reached skill level 8 in Axes
  2605 | D:4      | Reached XP level 7. HP: 52/52 MP: 7/7
  2645 | D:4      | Noticed Pikel
  2654 | D:4      | Killed Pikel
  2655 | D:4      | Reached skill level 9 in Axes
  2655 | D:4      | Reached XP level 8. HP: 27/58 MP: 8/8
  2663 | D:4      | Reached skill level 10 in Axes
  2871 | D:4      | Found a shimmering altar of Xom.
  2944 | D:4      | Noticed Duvessa
  2944 | D:4      | Noticed Dowan
  2954 | D:4      | Killed Dowan
  2956 | D:4      | Killed Duvessa
  3141 | D:4      | Noticed Ijyb
  3158 | D:4      | Killed Ijyb
  3302 | D:4      | Found a broken altar of Ashenzari.
  3364 | D:5      | Entered Level 5 of the Dungeon
  3494 | D:5      | Found a white marble altar of Elyvilon.
  3546 | D:5      | Reached skill level 11 in Axes
  3716 | D:5      | Found Uqaecys's One-of-a-Kind Rings.
  4122 | D:5      | Reached XP level 9. HP: 55/63 MP: 9/9
  4204 | D:6      | Reached **** piety under Trog
  4208 | D:6      | Reached skill level 12 in Axes
  4322 | D:6      | Found a sacrificial altar of Ru.
  4711 | D:6      | Reached skill level 13 in Axes
  4982 | D:6      | Reached skill level 1 in Evocations
  5428 | D:6      | Found Nejijaer's Armour Boutique.
  5631 | D:7      | Found a staircase to the Ecumenical Temple.
  5654 | D:7      | Reached XP level 10. HP: 70/72 MP: 10/10
  6137 | D:7      | Noticed Jeremiah
  6148 | D:7      | Killed Jeremiah
  6149 | D:7      | Reached skill level 5 in Fighting
  6149 | D:7      | Reached skill level 5 in Evocations
  6928 | D:8      | Found a blossoming altar of Fedhas.
  7011 | D:8      | HP: 4/114 [something (3)]
  7011 | D:8      | Slain by a sky beast

Illustrated notes

Levels and vault maps discovered:
D:1:      co_arrival_random_square_maze, layout_basic, serial_shops, shop, shop
D:2:      layout_loops_corners, nicolae_concentric_dashed_squares_wild
D:3:      layout_basic, shapermc_ecumenical_altar_petra, minmay_misc_feat_room
D:4:      layout_cave_pools, mainiacjoe_overflow_paths,
          nicolae_overflow_hidden_temple, uniq_edmund, uniq_robin, uniq_duvessa,
          uniq_ijyb, uniq_grinder, uniq_pikel
D:5:      layout_loops_ring, mainiacjoe_overflow_chevrons, nrook_mini_vaults,
          nicolae_shop_unique_rings
D:6:      layout_cave_pools, nicolae_ru_awakened_eye, serial_gnoll_camp,
          gnoll_camp_mini_doghouse, gnoll_camp_mini_shop, gnoll_camp_medium_01,
          gnoll_camp_mini_hut, gnoll_camp_huts_basic, nicolae_tricolors
D:7:      layout_layer_cave, minmay_temple_entry_steel_oval, uniq_jeremiah
D:8:      layout_loops_cross, overflow_temple_1_default, serial_shops,
          nicolae_shop_competitors_out_of_business

Skill      XL: |  1  2  3  4  5  6  7  8  9 10 |
---------------+-------------------------------+-----
Axes           | 4 5 6 8 9 11 13 | 13.2
Evocations     | 3 7 |  7.1
Fighting       | 4 6 |  6.3
Armour         | |  1.7
Dodging        | |  1.7

Action                     |  1- 3 |  4- 6 |  7- 9 | 10-12 || total
---------------------------+-------+-------+-------+-------++-------
  Melee: Hand axe          |    72 |   188 |   363 |       ||   623
         Dagger            |    16 |       |       |       ||    16
         Whip              |       |       |   100 |   126 ||   226
 Invoke: Berserk           |       |     3 |     6 |     3 ||    12
  Evoke: Wand              |       |       |     4 |       ||     4
    Use: Scroll            |     1 |       |     7 |       ||     8
   Stab: Sleeping          |     1 |       |       |       ||     1
 Armour: Animal skin       |    19 |       |       |       ||    19
         Ring mail         |    14 |    63 |   105 |       ||   182
         Scale mail        |       |       |    93 |    49 ||   142
  Dodge: Dodged            |    23 |    62 |   105 |    23 ||   213

Table legend: (Time is in decaauts)
 A = Elapsed time spent in this place.
 B = Non-inter-level travel time spent in this place.
 C = Inter-level travel time spent in this place.
 D = Time resting spent in this place.
 E = Time spent auto-exploring this place.
 F = Levels seen in this place.
 G = Mean time per level.
                   A        B        C        D        E       F      G
               +--------+--------+--------+--------+--------+-----+--------+
         Total |   7035 |   6796 |    239 |    661 |   5028 |   8 |  879.4 |
       Dungeon |   7035 |   6796 |    239 |    661 |   5028 |   8 |  879.4 |
               +--------+--------+--------+--------+--------+-----+--------+

Top non-repeatable levels by time:
     D:6: 1277 daAuts
     D:7: 1275 daAuts
     D:4: 940 daAuts
     D:2: 884 daAuts
     D:5: 868 daAuts
     D:3: 860 daAuts
     D:1: 718 daAuts
     D:8: 210 daAuts
